 Dungeon Crawl Stone Soup version 0.29.1-15-g9cfb28693d (webtiles) character file.

Game seed: 17187725267549425988

49 KittyFluff the Trooper (level 3, 0/36 HPs)
             Began as a Gargoyle Berserker on Apr 9, 2023.
             Was a Believer of Trog.
             Killed by nerve-wracking pain
             ... invoked by an orc priest
              (3 damage)
             ... on level 3 of the Dungeon.
             The game lasted 00:05:47 (1634 turns).

KittyFluff the Trooper (Gargoyle Berserker)         Turns: 1634, Time: 00:05:48

Health: 0/36       AC:  7    Str: 20    XL:     3   Next: 77%
Magic:  3/3        EV: 11    Int:  7    God:    Trog [**....]
Gold:   69         SH:  0    Dex: 11    Spells: 2/2 levels left

rFire   . . .      SeeInvis .   a - +0 mace
rCold   . . .      Faith    .   (no shield)
rNeg    + . .      Spirit   .   d - +0 leather armour
rPois   ∞          Reflect  .   s - +0 helmet
rElec   +          Harm     .   (no cloak)
rCorr   .          Rampage  .   (no gloves)
Will    .....                   (no boots)
Stlth   ..........              (no amulet)
HPRegen 0.12/turn               (no ring)
MPRegen 0.08/turn               (no ring)

@: berserking, very quick
A: sickness immunity, AC +3, negative energy resistance 1, electricity
resistance, torment resistance 1, petrification resistance
a: Renounce Religion, Berserk, Trog's Hand


You were on level 3 of the Dungeon.
You worshipped Trog.
Trog was pleased with you.
You visited 1 branch of the dungeon, and saw 3 of its levels.

You collected 69 gold pieces.

Inventory:

Hand Weapons
 a - a +0 mace (weapon)
Missiles
 c - 3 javelins (quivered)
 g - 17 stones
Armour
 d - a +0 leather armour (worn)
 s - a +0 helmet (worn)
Jewellery
 b - a ring of magical power
Scrolls
 f - a scroll of torment {unknown}
 k - a scroll of fear {unknown}
 m - a scroll of amnesia {unknown}
 p - a scroll of enchant weapon
 t - a scroll of immolation
Potions
 e - 2 potions of heal wounds
 h - a potion of ambrosia {unknown}
 i - 2 potions of curing {unknown}
 j - a potion of berserk rage {unknown}
 l - a potion of magic {unknown}
 r - a potion of resistance {unknown}


   Skills:
 + Level 3.9 Fighting
 + Level 3.6 Maces & Flails
 * Level 2.7 Armour
 + Level 1.8 Dodging


You had 2 spell levels left.
You didn't know any spells.
Your spell library was empty.

Dungeon Overview and Level Annotations

Branches:
Dungeon (3/15)

Altars:


Innate Abilities, Weirdness & Mutations

You are immune to sickness and miasma.
Your stone body is resilient. (AC +3)
You are immune to poison.
You resist negative energy. (rN+)
You are resistant to electric shocks. (rElec)
You are resistant to unholy torment.
You are immune to petrification.


Message History

There is a stone staircase leading up here.
As you read the scroll labelled CIN QOAPHY, it crumbles to dust.
It is a scroll of identify.
e - 2 potions of heal wounds
As you read the scroll of identify, it crumbles to dust.
t - a scroll of immolation
As you read the scroll of identify, it crumbles to dust.
q - a scroll of vulnerability
As you read the scroll of identify, it crumbles to dust.
p - a scroll of enchant weapon
As you read the scroll of identify, it crumbles to dust.
o - a scroll of noise You drop a scroll of noise.
You drop a scroll of vulnerability.
Things that are here:
a scroll of vulnerability; a scroll of noise An orc priest comes into view.
It is wielding a +0 club.
Found a cyan potion.
The orc priest begins to cast a cantrip, but forgets the words!
An orc wizard comes into view. It is wielding a +1 dagger of speed.
An orc comes into view. It is wielding a +0 short sword.
The orc shouts!
The orc wizard shouts!
You hear a shout!
An orc priest comes into view. It is wielding a +0 dagger.
You barely miss the orc. The orc closely misses you.
The orc priest looks braver for a moment.
An orc comes into view. It is wielding a +0 dagger.
You sock the orc!
You kill the orc!
Trog accepts your kill.
The orc wizard points at you and mumbles some strange words.
The puff of flame hits you!
The orc priest calls down the wrath of Beogh upon you.
Beogh smites you!
Ouch! That really hurt!
* * * LOW HITPOINT WARNING * * *
A red film seems to cover your vision as you go berserk!
You feel yourself moving faster!
You feel mighty!
The orc priest invokes the aid of Beogh against you.
Pain shoots through your body!
You die... ## .## ...# ..! oo..

#.#.###
##oo......# #@#
#.###.# #.#
#..##.# +#
#.###..##.# .#
##.....##.#####.#
####..##.#.....#.
#.?...#.......
##<...........
######.......
#.....#.


You could see 2 orc priests, an orc wizard and an orc.

Vanquished Creatures
  An adder (D:2)
  A worm (D:2)
  2 dart slugs
  An orc (D:3)
  4 ball pythons
  5 endoplasms
  A giant cockroach (D:2)
  2 goblins
  3 hobgoblins (D:2)
  4 quokkas
  2 bats (D:1)
  2 frilled lizards (D:1)
  A kobold (D:1)
29 creatures vanquished.

Notes
Turn   | Place    | Note
-------+----------+-------------------------------------------
     0 | D:1      | KittyFluff the Gargoyle Berserker began the quest for the
                  | Orb.
     0 | D:1      | Reached XP level 1. HP: 14/14 MP: 1/1
   276 | D:1      | Reached XP level 2. HP: 19/19 MP: 2/2
  1318 | D:2      | Reached XP level 3. HP: 15/24 MP: 3/3
  1553 | D:2      | Reached ** piety under Trog
  1634 | D:3      | Killed from afar by an orc priest

Illustrated notes

Levels and vault maps discovered:
D:1:      kennysheep_arrival_forest, layout_basic,
          hellmonk_ecumenical_altar_prayer_group, minmay_misc_feat_rows,
          due_unseen_surprise
D:2:      layout_rooms, minmay_split_cup_small
D:3:      layout_loops_corners, minmay_crystal_room,
          dreamdust_princess_corridor, kennysheep_doodads, minmay_rat_hole

Action                   || total
-------------------------++-------
Melee: Mace              ||    90
       Punch             ||     1
Invok: Berserk           ||     1
  Use: Scroll            ||     5
Armor: Leather armour    ||    43
Dodge: Dodged            ||    75
